 Dungeon Crawl Stone Soup version 0.31-a0-408-gb642c7f9a3 (webtiles) character file.

Game seed: 912071962849284565

633 RepHenryClay the Conjurer (level 7, -1/36 HPs)
             Began as a Deep Elf Hedge Wizard on July 30, 2023.
             Slain by a gnoll bouda
             ... wielding a +0 club
              (7 damage)
             ... on level 5 of the Dungeon.
             The game lasted 00:10:07 (5067 turns).

RepHenryClay the Conjurer (Deep Elf Hedge Wizard)   Turns: 5067, Time: 00:10:08

Health: -1/36      AC:  4    Str:  7    XL:     7   Next: 24%
Magic:  6/15       EV: 12    Int: 21    God:
Gold:   202        SH:  0    Dex: 14    Spells: 1/15 levels left

rFire   . . .        a - +0 dagger
rCold   . . .        (no shield)
rNeg    . . .        b - +0 robe
rPois   +            c - +0 hat
rElec   .            (no cloak)
rCorr   .            p - +0 pair of gloves
SInv    .            r - +0 pair of boots
Will    .....        (no amulet)
Stlth   ++           z - ring of poison resistance
HPRegen 0.26/turn    (no ring)
MPRegen 0.14/turn

%: no passive effects
@: no status effects
A: no striking features
a: no special abilities


You were on level 5 of the Dungeon.
You visited 2 branches of the dungeon, and saw 6 of its levels.
You also visited: Sewer.

You collected 202 gold pieces.

Inventory:

Hand Weapons
 a - a +0 dagger (weapon)
 g - a +2 hand axe of pain
Missiles
 i - 2 throwing nets
Armour
 b - a +0 robe (worn)
 c - a +0 hat (worn)
 p - a +0 pair of gloves (worn)
 r - a +0 pair of boots (worn)
 w - the +0 leather armour "Wiyroes" {rPois rN+}
   (You found it on level 4 of the Dungeon)

   rPois:     It protects you from poison.
   rN:        It protects you from negative energy.
Magical Staves
 j - a staff of death
Jewellery
 e - a ring of ice
 u - an amulet of faith
 z - a ring of poison resistance (left hand)
Wands
 F - a wand of roots (4)
Scrolls
 f - 2 scrolls of amnesia
 h - a scroll of fear
 k - a scroll of revelation
 n - 2 scrolls of vulnerability
 q - a scroll of noise
 s - a scroll of poison
 t - 2 scrolls of teleportation
 y - a scroll of torment {unknown}
 B - a scroll of identify {@r1}
 C - a scroll of enchant armour {unknown}
Potions
 d - a potion of magic
 l - a potion of lignification {unknown}
 m - a potion of ambrosia
 o - a potion of cancellation {unknown}
 v - 2 potions of enlightenment {unknown}
 x - 4 potions of curing {unknown}
 A - 2 potions of berserk rage {unknown}
 D - 2 potions of mutation {unknown}
 E - a potion of haste {unknown}


   Skills:
 - Level 2.6 Dodging
 - Level 2.6 Stealth
 - Level 4.5 Spellcasting
 + Level 6.7 Conjurations
 - Level 1.3 Summonings
 - Level 1.3 Translocations
 + Level 4.7 Earth Magic


You had one spell level left.
You knew the following spells:

 Your Spells              Type           Power      Damage    Failure   Level
a - Magic Dart            Conj           100%       1d8       1%          1
b - Blink                 Tloc           20%        N/A       10%         2
c - Mephitic Cloud        Conj/Pois/Air  14%        N/A       14%         3
d - Stone Arrow           Conj/Erth      56%        3d10      3%          3
e - Freezing Cloud        Conj/Ice/Air   7%         6-21      77%         5

Your spell library contained the following spells:

 Spells                   Type           Power      Damage    Failure   Level
 Sandblast                Erth           48%        2d12      1%          1
 Slow                     Hex            16%        N/A       12%         1
 Passwall                 Tmut/Erth      11%        N/A       7%          2
 Call Imp                 Summ           20%        N/A       10%         2
 Cigotuvi's Dreadful Rot  Necr/Pois/Air  8%         N/A       17%         2
 Ensorcelled Hibernation  Hex/Ice        8%         N/A       17%         2
 Flame Wave               Conj/Fire      19%        2d7       28%         4
 Sticky Flame             Conj/Fire      19%        2d4       28%         4
 Ignite Poison            Fire/Tmut/Pois 4%         N/A       34%         3
 Inner Flame              Hex/Fire       4%         N/A       34%         3
 Swiftness                Air            4%         N/A       34%         3


Dungeon Overview and Level Annotations

Branches:
Dungeon (5/15)             Temple (1/1) D:4           Sewer (visited)

Altars:
Ashenzari
Dithmenos
Elyvilon
Fedhas
Gozag
Hepliaklqana
Nemelex Xobeh
Okawaru
Qazlal
Ru
Sif Muna
Trog
Uskayaw
Wu Jian
Xom
Yredelemnul
Zin
The Shining One

Shops:
D:1 [   D:3 (

Annotations:
D:2 Robin


Message History

The gnoll is engulfed in noxious fumes.
The gnoll appears confused.
The gnoll is engulfed in noxious fumes.
The gnoll appears confused.
The gnoll is no longer moving quickly.
The gnoll falls into the water!
The gnoll drowns.
You hear a splash. x4
You hit the gnoll bouda.
The gnoll bouda is lightly wounded.
You hit the gnoll bouda but do no damage.
The gnoll bouda is lightly wounded.
You hit the gnoll bouda but do no damage.
The gnoll bouda is lightly wounded.
The gnoll bouda hits itself with a +0 club.
You barely miss the gnoll bouda.
The gnoll bouda is moderately wounded.
The gnoll bouda hits you with a +0 club.
* * * LOW HITPOINT WARNING * * *
Huge Dmg: -8%(-3hp) hp: 20%(7hp)
You strike the helpless gnoll bouda from behind!
You hit the gnoll bouda.
The gnoll bouda is moderately wounded.
The gnoll bouda misses you.
The gnoll bouda hits itself with a +0 club.
You hit the gnoll bouda.
The gnoll bouda is heavily wounded.
You hit the gnoll bouda but do no damage.
The gnoll bouda is heavily wounded.
The gnoll bouda misses you.
The gnoll bouda hits itself with a +0 club!
You completely miss the gnoll bouda.
The gnoll bouda is almost dead.
You barely miss the gnoll bouda.
The gnoll bouda is almost dead.
Okay, then.
The gnoll bouda hits you with a +0 club.
* * * LOW HITPOINT WARNING * * *
Huge Dmg: -8%(-3hp) hp: 17%(6hp)
You barely miss the gnoll bouda.
The gnoll bouda is almost dead.
The gnoll bouda hits you with a +0 club!
You die...

##...........####>. ##
#...............
..##.#####.#
.............####......#....
..........##..##...#.......#
#.......................#
###....8[...8..##.#......#
#...............#........##
##.....###..###.............
#.....##.≈.@≈(##...........#
###...##.≈.g≈.##........#..#
#....##.≈..≈.##........#..#
#.#..##.≈..≈.##...........##
#...†##.≈..≈.##...........#.
#(..###.≈..≈.###[.##.†.....#
#..## ##....## ##.###<.#....
#..# ...... #.##...#....
#..# .....?.. #.##........


You could see a gnoll bouda (confused).

Vanquished Creatures
  An ice beast (D:5)
  A gnoll sergeant (D:5)
  A howler monkey (D:4)
  An orc priest (D:4)
  2 hounds (D:5)
  7 gnolls (D:5)
  12 adders
  3 river rats (Sewer)
  A shadow imp (D:5)
  A worm (D:2)
  3 dart slugs
  10 orcs
  6 endoplasms
  5 giant cockroaches
  13 goblins
  10 hobgoblins
  2 jackals (D:1)
  4 kobolds
  8 quokkas
  11 ball pythons
  9 bats
  10 frilled lizards
  21 rats
142 creatures vanquished.

Notes
Turn   | Place    | Note
-------+----------+-------------------------------------------
     0 | D:1      | RepHenryClay the Deep Elf Hedge Wizard began the quest for
                  | the Orb.
     0 | D:1      | Reached XP level 1. HP: 10/10 MP: 7/7
   218 | D:1      | Reached XP level 2. HP: 15/15 MP: 5/9
   445 | D:1      | Reached skill level 2 in Conjurations
   648 | D:1      | Found Jeraller's Armour Shop.
   875 | D:1      | Reached XP level 3. HP: 18/19 MP: 6/11
  1428 | D:2      | Reached skill level 3 in Conjurations
  1714 | D:2      | Learned a level 2 spell: Blink
  1718 | D:2      | Learned a level 3 spell: Mephitic Cloud
  1743 | D:2      | Reached XP level 4. HP: 15/24 MP: 3/12
  1821 | D:2      | Reached skill level 4 in Conjurations
  2075 | D:2      | Noticed Robin
  2469 | D:3      | Learned a level 3 spell: Stone Arrow
  2760 | D:3      | Found Tecratim's Weapon Shoppe.
  2788 | D:3      | Reached skill level 1 in Earth Magic
  2788 | D:3      | Reached XP level 5. HP: 28/28 MP: 8/13
  3175 | D:4      | Identified the +0 leather armour "Wiyroes" {rPois rN+}
  3241 | D:4      | Reached skill level 5 in Conjurations
  3584 | D:4      | Found a staircase to the Ecumenical Temple.
  3594 | Temple   | Entered the Ecumenical Temple
  3660 | D:4      | Found a glowing drain.
  3670 | Sewer    | Entered a sewer
  3873 | Sewer    | Reached XP level 6. HP: 32/32 MP: 11/14
  4610 | D:5      | Entered Level 5 of the Dungeon
  4620 | D:5      | Learned a level 5 spell: Freezing Cloud
  4745 | D:5      | Reached skill level 6 in Conjurations
  4849 | D:5      | Noticed an ice beast
  4853 | D:5      | Killed an ice beast
  5042 | D:5      | Reached XP level 7. HP: 36/36 MP: 11/15
  5067 | D:5      | Slain by a gnoll bouda

Illustrated notes

Levels and vault maps discovered:
D:1:      dpeg_arrival_refuge, layout_loops_corners, serial_shops,
          nicolae_shop_gibbet_a_chance, chequers_jeans
D:2:      layout_loops_ring, minmay_small_reverse_x, uniq_robin
D:3:      layout_rooms, serial_shops, shop, ebering_dispersal_statue_hall
D:4:      layout_basic, minmay_temple_entry_sparse_star, portal_sewer_entry_f
D:5:      layout_cave_pools, mainiacjoe_overflow_catwalk, serial_gnoll_camp,
          gnoll_camp_medium_01, gnoll_camp_mini_loothouse, gnoll_camp_mini_shop,
          gnoll_camp_mini_house, chequers_hall_statues_corner_a
Temple:   dpeg_five_rooms_temple

Skill      XL: |  1  2  3  4  5  6 |
---------------+-------------------+-----
Conjurations   | 2 3 4 5 6 |  6.7
Earth Magic    | 1 2 4 |  4.7
Dodging        | |  2.6
Stealth        | |  2.6
Spellcasting   | |  4.5
Summonings     | |  1.3
Translocations | |  1.3

Action                     |  1- 3 |  4- 6 |  7- 9 || total
---------------------------+-------+-------+-------++-------
  Melee: Dagger            |    12 |    65 |    16 ||    93
         Punch             |       |     1 |       ||     1
   Cast: Magic Dart        |    98 |   181 |       ||   279
         Mephitic Cloud    |       |     7 |     3 ||    10
         Stone Arrow       |       |     6 |       ||     6
         Blink             |       |     2 |       ||     2
    Use: Potion            |       |     4 |       ||     4
         Scroll            |       |     7 |       ||     7
   Stab: Invisible         |       |     4 |       ||     4
         Sleeping          |       |     1 |       ||     1
         Confused          |       |     2 |     2 ||     4
 Armour: Robe              |     8 |    11 |     1 ||    20
  Dodge: Dodged            |    28 |    78 |     4 ||   110

Table legend: (Time is in decaauts)
 A = Elapsed time spent in this place.
 B = Non-inter-level travel time spent in this place.
 C = Inter-level travel time spent in this place.
 D = Time resting spent in this place.
 E = Time spent auto-exploring this place.
 F = Levels seen in this place.
 G = Mean time per level.
                   A        B        C        D        E       F      G
               +--------+--------+--------+--------+--------+-----+--------+
         Total |   5111 |   4957 |    154 |    206 |   3803 |   7 |  730.1 |
       Dungeon |   4328 |   4174 |    154 |    206 |   3111 |   5 |  865.6 |
        Temple |      1 |      1 |      0 |      0 |      0 |   1 |    1.0 |
         Sewer |    781 |    781 |      0 |      0 |    692 |   1 |  781.0 |
               +--------+--------+--------+--------+--------+-----+--------+

Top non-repeatable levels by time:
     D:1: 1551 daAuts
     D:3: 875 daAuts
   Sewer: 781 daAuts
     D:4: 743 daAuts
     D:2: 741 daAuts
     D:5: 417 daAuts
  Temple: 1 daAuts
